AoeStats
← $hrimpmaster

Black Forest

509438861Analyzed
4v4 RM · 4d ago on Sep 26, 2026· 45m 51s· 8 players
Game mode
Random Map
Map size
Large (8 player)
Population
200
Speed
Normal
Resources
Standard
Victory
Conquest
Starting age
Dark Age
Ending age
Imperial Age
RankedLock teamsTeams togetherTeam positionsShared explorationLock speedFull tech treeHidden civsTurbo modeCheats
Victory
Defeat
🇩🇪 Saracens · Germany
1224
+16
🇷🇺 Mongols · Russia
1221
+16
🇳🇱 Varangians · Netherlands
1220
+16
🇩🇪 Celts · Germany
1214
+15
🇹🇼 Poles · Taiwan
1254
-18
🇨🇭 Saxons · Switzerland
1207
-15
🇧🇷 Lithuanians · Brazil
1198
-15
🇹🇼 Ethiopians · Taiwan
1193
-15
Fighthausen
1:20 Loom
12:38 Feudal Age
17:33 Castle Age
15:51 Double-Bit Axe
17:04 Horse Collar
18:39 Wheelbarrow
24:34 Scale Mail Armor
25:39 Forging
27:04 Chain Mail Armor
27:59 Town Watch
28:55 Iron Casting
35:29 Imperial Age
33:37 Fletching
34:06 Hand Cart
36:38 Conscription
36:55 Plate Mail Armor
37:26 Blast Furnace
36:22 Bodkin Arrow
35:56 Pikeman
37:38 Halberdier
Ralphie
10:57 Loom
12:43 Feudal Age
14:12 Double-Bit Axe
18:00 Fishing Lines
19:15 Gold Mining
21:32 Castle Age
19:47 Stone Mining
20:01 Horse Collar
22:01 Wheelbarrow
21:11 Town Watch
22:44 Bow Saw
23:12 Stone Shaft Mining
23:43 Gillnets
23:58 Caravan
24:11 Scale Barding Armor
25:59 Heavy Plow
29:59 Imperial Age
27:46 Hand Cart
27:57 Husbandry
28:08 Bloodlines
27:20 Light Cavalry
28:30 Forging
28:41 Chain Barding Armor
28:12 Fletching
30:39 Town Patrol
31:24 Conscription
30:51 Cavalier
32:14 Vendel Legacy
34:14 Crop Rotation
34:46 Two-Man Saw
36:14 Hussar
38:33 Plate Barding Armor
38:34 Iron Casting
37:55 Bodkin Arrow
40:22 Chemistry
39:35 Masonry
39:31 Siege Engineers
39:50 Ballistics
39:39 Siege Engineers
41:48 Blast Furnace
44:07 Architecture
43:42 Scale Mail Armor
43:45 Padded Archer Armor
43:48 Bracer
45:16 Elite Jarl
$hrimpmaster
10:56 Feudal Age
9:14 Loom
10:59 Feudal Age
11:55 Double-Bit Axe
11:55 Horse Collar
16:52 Castle Age
16:24 Fletching
17:53 Bow Saw
20:57 Heavy Plow
24:43 Wheelbarrow
30:40 Imperial Age
28:16 Padded Archer Armor
28:28 Thumb Ring
29:18 Bodkin Arrow
29:38 Leather Archer Armor
29:27 Gold Mining
29:27 Stone Mining
29:19 Crossbowman
32:26 Chemistry
31:30 Bracer
31:47 Arbalester
34:59 Ring Archer Armor
37:41 Ballistics
40:26 Conscription
40:44 Hoardings
42:24 Hand Cart
42:22 Siege Engineers
42:28 Masonry
43:46 Counterweights
45:26 Two-Man Saw
45:38 Gold Shaft Mining
44:53 Stone Mining
六六六
0:31 Loom
13:05 Feudal Age
18:30 Castle Age
25:57 Double-Bit Axe
27:56 Bow Saw
27:39 Stone Mining
27:39 Gold Mining
27:31 Horse Collar
28:50 Fishing Lines
29:49 Gold Shaft Mining
29:49 Stone Shaft Mining
29:30 Heavy Plow
31:41 Gillnets
31:43 Fletching
31:53 Padded Archer Armor
31:59 Scale Barding Armor
34:39 Imperial Age
33:02 Bodkin Arrow
33:22 Leather Archer Armor
34:20 Leather Archer Armor
34:25 Chain Barding Armor
35:28 Wheelbarrow
34:38 Town Watch
35:07 Husbandry
35:17 Bloodlines
36:26 Bracer
36:56 Parthian Tactics
36:37 Thumb Ring
35:54 Elite Mangudai
36:55 Conscription
39:00 Hand Cart
38:45 Town Patrol
41:14 Caravan
41:44 Coinage
43:36 Banking
46:00 Ballistics
Baron279
12:06 Feudal Age
14:14 Double-Bit Axe
18:01 Castle Age
20:28 Bow Saw
22:03 Gold Mining
22:12 Fishing Lines
25:35 Gold Shaft Mining
25:34 Gillnets
28:09 Wheelbarrow
27:38 Stone Mining
27:59 Loom
30:59 Imperial Age
29:37 Hand Cart
29:45 Horse Collar
30:18 Town Watch
31:16 Heavy Plow
31:02 Pikeman
31:27 Arson
31:51 Scale Mail Armor
32:03 Forging
33:15 Two-Man Saw
32:48 Crop Rotation
32:44 Masonry
33:11 Conscription
32:15 Shield Wall
32:20 Elite Hearth Troop
33:21 Chain Mail Armor
32:29 Halberdier
33:09 Squires
32:33 Elite Varangian Guard
39:00 Architecture
38:51 Atonement
Jason
0:52 Loom
12:53 Feudal Age
13:21 Double-Bit Axe
17:44 Castle Age
15:28 Horse Collar
17:57 Wheelbarrow
17:36 Stone Mining
17:37 Gold Mining
25:16 Heavy Plow
27:13 Hand Cart
26:44 Town Watch
27:45 Fortified Wall
Red
0:27 Loom
10:42 Feudal Age
12:47 Fletching
12:57 Padded Archer Armor
13:49 Double-Bit Axe
13:49 Horse Collar
17:30 Forging
17:25 Scale Barding Armor
KASTYTIS
12:07 Feudal Age
15:50 Castle Age
14:07 Double-Bit Axe
14:54 Gold Mining
15:25 Fishing Lines
17:24 Wheelbarrow
18:43 Hand Cart
22:23 Bow Saw
23:32 Horse Collar
24:48 Stone Mining
24:49 Fletching
26:02 Gillnets
26:24 Heavy Plow
27:11 Stone Shaft Mining
28:49 Scale Barding Armor
28:55 Forging
31:38 Imperial Age
29:30 Padded Archer Armor
29:26 Bodkin Arrow
29:43 Treadmill Crane
30:36 Chain Barding Armor
31:44 Iron Casting
32:19 Murder Holes
32:36 Masonry
33:01 Conscription
32:15 Elite Leitis
34:22 Two-Man Saw
34:50 Chemistry
34:21 Husbandry
34:31 Bloodlines
34:58 Plate Barding Armor
35:13 Ballistics
35:32 Crop Rotation
Connection lost

Rejoining the realm…

Still unreachable

The connection could not be restored.

Session expired

The server has moved on; the page needs a fresh start.